 Dungeon Crawl Stone Soup version 0.28.0-53-g5a82cb258f (webtiles) character file.

Game seed: 8257960881546267233

431 MiltankisOP the Magician (level 7, -3/45 HPs)
             Began as a Djinni Hedge Wizard on June 13, 2022.
             Slain by a centaur simulacrum (7 damage)
             ... on level 4 of the Dungeon.
             The game lasted 00:18:14 (6068 turns).

MiltankisOP the Magician (Djinni Hedge Wizard)      Turns: 6068, Time: 00:18:18

Health: -3/45      AC:  2    Str:  9    XL:     7   Next: 20%
Gold:   161        EV: 12    Int: 18    God:
                   SH:  0    Dex: 12

rFire   + + .      SeeInvis .   a - +0 dagger
rCold   x . .      Faith    .   (no shield)
rNeg    . . .      Spirit   .   b - +0 robe
rPois   ∞          Reflect  .   c - +0 hat
rElec   .          Harm     .   (no cloak)
rCorr   .          Rampage  .   (no gloves)
Will    .....                   (boots unavailable)
Stlth   ++........              d - amulet of the acrobat
HPRegen 0.15/turn               (no ring)
MPRegen 0.00/turn               (no ring)

@: flying
A: sickness immunity, fire resistance 2, cold vulnerability 1, float, innate
caster, HP casting, extra vitality 1
a: no special abilities


You were on level 4 of the Dungeon.
You visited 1 branch of the dungeon, and saw 4 of its levels.

You collected 161 gold pieces.

Inventory:

Hand Weapons
 a - a +0 dagger (weapon)
Armour
 b - a +0 robe (worn)
 c - a +0 hat (worn)
 h - a +0 hat
Jewellery
 d - an amulet of the acrobat (around neck)
Wands
 o - a wand of iceblast (5)
Scrolls
 e - 2 scrolls of summoning {unknown}
 i - 2 scrolls of teleportation {unknown}
 j - a scroll of identify {unknown}
 k - a scroll of amnesia {unknown}
 n - a scroll of magic mapping {unknown}
 p - a scroll of vulnerability {unknown}
Potions
 f - 2 potions of heal wounds {unknown}
 g - a potion of curing {unknown}
 l - 4 potions of degeneration {unknown}
 m - a potion of invisibility {unknown}
 q - a potion of attraction {unknown}


   Skills:
 - Level 2.5 Dodging
 - Level 1.9 Stealth
 + Level 5.7 Spellcasting


You couldn't memorise any spells.
You knew the following spells:

 Your Spells              Type           Power      Damage    Failure   Level
a - Magic Dart            Conj           100%       1d8       1%          1
b - Blink                 Tloc           50%        N/A       1%          2
c - Call Imp              Summ           25%        N/A       1%          2
d - Slow                  Hex            100%       N/A       1%          1
e - Conjure Flame         Conj/Fire      25%        6-21      3%          3
f - Mephitic Cloud        Conj/Pois/Air  25%        N/A       3%          3
g - Sting                 Tmut/Pois      100%       1d8       1%          1
h - Scorch                Fire           50%        2d7       1%          2
i - Spider Form           Tmut/Pois      25%        N/A       3%          3
Your spell library was empty.

Dungeon Overview and Level Annotations

Branches:
Dungeon (4/15)
 Temple: D:4-7

Altars:
Okawaru
Ru

Shops:
D:3 (

Annotations:
D:4 gandrick575's ghost, amateur HuCj


Innate Abilities, Weirdness & Mutations

You are immune to sickness and miasma.
You are immune to poison.
Your flesh is very heat resistant. (rF++)
You are vulnerable to cold. (rC-)
You float through the air rather than walking.
You learn spells naturally, not from books.
Your magical power is your life essence.
You have superior vitality. (+4 MHP)


Message History

Flames lash the ice beast.
The ice beast melts!
The ice beast is heavily wounded.
The ice beast barely misses you.
Casting: Scorch (safe; 2% risk of failure)
Confirm with . or Enter, or press ? or * to list all spells.
Flames lash the ice beast.
The ice beast melts!
The ice beast is severely wounded.
The ice beast hits you. The ice beast freezes you!!
You feel a terrible chill!
* * * LOW HITPOINT WARNING * * *
Casting: Scorch (safe; 2% risk of failure)
Confirm with . or Enter, or press ? or * to list all spells.
Flames lash the hound simulacrum.
The hound simulacrum melts!
The hound simulacrum vaporises!
* * * LOW HITPOINT WARNING * * *
The ice beast completely misses you.
Casting: Scorch (safe; 2% risk of failure)
Confirm with . or Enter, or press ? or * to list all spells.
Flames lash the ice beast.
The ice beast melts!
You kill the ice beast!
* * * LOW HITPOINT WARNING * * *
You have reached level 7!
The power to cast Spider Form wells up from within.
Spell assigned to 'i'.
You need no library to learn spells.
You need no library to learn spells.
Casting: Scorch (safe; 1% risk of failure)
Confirm with . or Enter, or press ? or * to list all spells.
Flames lash the water moccasin simulacrum.
The water moccasin simulacrum melts!
The water moccasin simulacrum is heavily damaged.
The water moccasin simulacrum's fire resistance burns away.
* * * LOW HITPOINT WARNING * * *
Casting: Scorch (safe; 1% risk of failure)
Confirm with . or Enter, or press ? or * to list all spells.
A beastly little devil appears in a puff of flame.
* * * LOW HITPOINT WARNING * * *
The centaur simulacrum hits you.
* * * LOW HITPOINT WARNING * * *
The centaur simulacrum freezes you!
You feel a terrible chill!
You die...

..#.#......#...###[$##..##....#..
.).........##....####...#.....#..
.(.#........#..........##......#.
.>.#..#.....##.........#.........
...#..#......##.......##.#.......
.#....#.......###'''###..##......
....##.................).#.....).
...............#ZZ.............#.
#..........##.##@5..#....####.###
#..........#..##....#.....##..###
##...........###.................
###...##....(.........(......#.#
###.###...##..#.......)..#.#..
#...####.###..#......##.......
#....###.#.#......#####)......
##..........#......#.#.......).
###.........#†#...##.............


You could see a water moccasin simulacrum (combustible, ally target), a centaur
simulacrum and a friendly crimson imp (summoned).

Vanquished Creatures
  An ice beast (D:4)
  An orc priest (D:4)
  3 orc wizards (D:4)
  7 gnolls
  6 adders
  A hound simulacrum (D:4)
  A worm (D:4)
  A dart slug (D:4)
  An adder simulacrum (D:4)
  11 orcs
  10 bats
  6 endoplasms
  4 giant cockroaches
  4 goblins
  2 hobgoblins (D:1)
  3 jackals (D:4)
  4 quokkas
  8 ball pythons
  3 frilled lizards (D:1)
  13 kobolds
  A quokka skeleton (D:4)
  5 rats
96 creatures vanquished.

Vanquished Creatures (collateral kills)
  An orc (D:3)
1 creature vanquished.

Grand Total: 97 creatures vanquished

Notes
Turn   | Place    | Note
-------+----------+-------------------------------------------
     0 | D:1      | MiltankisOP the Djinni Hedge Wizard began the quest for the
                  | Orb.
     0 | D:1      | Reached XP level 1. HP: 15/15 MP: 0/0
   481 | D:1      | Reached XP level 2. HP: 9/21 MP: 0/0
  1228 | D:1      | Reached XP level 3. HP: 21/25 MP: 0/0
  1228 | D:1      | Learned a level 1 spell: Sting
  1388 | D:1      | Reached skill level 3 in Spellcasting
  2058 | D:2      | Found a faded altar of an unknown god.
  2086 | D:2      | Reached XP level 4. HP: 16/31 MP: 0/0
  2850 | D:2      | Reached XP level 5. HP: 31/35 MP: 0/0
  2850 | D:2      | Learned a level 2 spell: Scorch
  3024 | D:3      | Reached skill level 4 in Spellcasting
  3319 | D:3      | Found an iron altar of Okawaru.
  3438 | D:3      | Found Ureisk's Antique Weapon Emporium.
  3624 | D:3      | Found a sacrificial altar of Ru.
  4652 | D:4      | Reached XP level 6. HP: 7/40 MP: 0/0
  5087 | D:4      | Noticed an ice beast
  5089 | D:4      | Noticed gandrick575's ghost (amateur HuCj)
  5153 | D:4      | Reached skill level 5 in Spellcasting
  5431 | D:4      | Found a runed translucent gate.
  5991 | D:4      | Found a runed translucent gate.
  5991 | D:4      | Found a runed translucent gate.
  6025 | D:4      | Identified the +5 chain mail "Vainaomo" {rElec}
  6066 | D:4      | Killed an ice beast
  6067 | D:4      | Reached XP level 7. HP: 8/45 MP: 0/0
  6067 | D:4      | Learned a level 3 spell: Spider Form
  6068 | D:4      | Slain by a centaur simulacrum

Illustrated notes

Levels and vault maps discovered:
D:1:      dpeg_arrival_central, layout_basic, minmay_fountain_box
D:2:      layout_basic, hellmonk_ecumenical_altar_heavens_door
D:3:      layout_basic, nicolae_ru_sacrificial_ziggurat, okawaru_trees_2,
          serial_shops, nicolae_lakefront_shop, hangedman_decor_points
D:4:      layout_cave_pools, gammafunk_ghost_icy

Skill      XL: |  1  2  3  4  5  6 |
---------------+-------------------+-----
Spellcasting   | 3 4 5 |  5.7
Dodging        | |  2.5
Stealth        | |  1.9

Action                   |  1- 3 |  4- 6 |  7- 9 || total
-------------------------+-------+-------+-------++-------
 Cast: Magic Dart        |    91 |   105 |       ||   196
       Call Imp          |     1 |     5 |     1 ||     7
       Blink             |       |     6 |       ||     6
       Scorch            |       |    48 |     1 ||    49
Armor: Robe              |     1 |     3 |       ||     4
Dodge: Dodged            |    11 |    39 |       ||    50
